MAA
SEATTLE TERNS @ NORTONVILLE CHEROKEES
09/01/2017
 
TOP OF THE 1ST
Seattle Terns batting - Pitching for Nortonville Cherokees : RHP Richard Meyer
Pitching: RHP Richard Meyer
Batting: RHB John Huff 0-0: Ball
1-0: Foul Ball, location: 2F
1-1: Ball
2-1: SINGLE (Groundball, 56D)
Batting: SHB Michael Smith 0-0: Ball
1-0: Ball
2-0: Called Strike
2-1: Foul Ball, location: 2F
2-2: Strikes out swinging
Batting: RHB Darren Tomlinson 0-0: Called Strike
0-1: Ball
1-1: Foul Ball, location: 2F
1-2: Strikes out swinging
Batting: SHB Bruce Hunt 0-0: Called Strike
0-1: Foul Ball, location: 2F
0-2: Strikes out swinging
Top of the 1st over - 0 run(s), 1 hit(s), 0 error(s), 1 left on base; Seattle 0 - Nortonville 0
BOTTOM OF THE 1ST
Nortonville Cherokees batting - Pitching for Seattle Terns : RHP Jim Unknown
Pitching: RHP Jim Unknown
Batting: RHB Jim Unknown 0-0: Ball
1-0: Swinging Strike
1-1: SINGLE (Line Drive, 4MD)
Batting: RHB José Correa 0-0: Hit by Pitch
Jim Unknown to second
Batting: RHB Ernest Lee 0-0: Ball
1-0: DOUBLE (Groundball, 5L)
Jim Unknown scores
José Correa to third
Runner from 3rd tries for Home, SAFE, throw made home
Batting: RHB Greg Terry 0-0: Ball
1-0: Ground out 6-3 (Groundball, 6)
Batting: RHB Jean Lemaire 0-0: Called Strike
0-1: Called Strike
0-2: Ball
1-2: Strikes out looking
Batting: RHB Joel Lee 0-0: Ball
1-0: Ball
2-0: Ball
3-0: Base on Balls
Batting: LHB Jafar Taha 0-0: Called Strike
0-1: Ball
1-1: Swinging Strike
1-2: Ball
2-2: Strikes out swinging
Bottom of the 1st over - 2 run(s), 2 hit(s), 0 error(s), 2 left on base; Seattle 0 - Nortonville 2
TOP OF THE 2ND
Seattle Terns batting - Pitching for Nortonville Cherokees : RHP Richard Meyer
Batting: RHB David Ramírez 0-0: Ball
1-0: Called Strike
1-1: Ball
2-1: Ball
3-1: Foul Ball, location: 2F
3-2: Foul Ball, location: 2F
3-2: Foul Ball, location: 2F
3-2: Foul Ball, location: 2F
3-2: Base on Balls
Batting: RHB Tom Escamilla 0-0: Swinging Strike
0-1: Foul Ball, location: 2F
0-2: Ball
Wild Pitch!
David Ramírez to second
1-2: Strikes out swinging
Batting: SHB Ned Teague 0-0: Ball
1-0: Ball
2-0: Ball
3-0: Called Strike
Passed Ball!
David Ramírez to third
3-1: Base on Balls
Batting: RHB Bobby Miller 0-0: Called Strike
0-1: Called Strike
0-2: Strikes out looking
Batting: RHB Jack Glenn 0-0: Ball
1-0: Fly out, F6 (Popup, 4MD)
Top of the 2nd over - 0 run(s), 0 hit(s), 0 error(s), 2 left on base; Seattle 0 - Nortonville 2
BOTTOM OF THE 2ND
Nortonville Cherokees batting - Pitching for Seattle Terns : RHP Jim Unknown
Batting: RHB Sapto Mainaky 0-0: Swinging Strike
0-1: Ball
1-1: Foul Ball, location: 2F
1-2: Ball
2-2: Foul Ball, location: 2F
2-2: SINGLE (Groundball, 4MD)
Batting: RHB Roy Childress 0-0: Ball
Wild Pitch!
Sapto Mainaky to second
1-0: Ball
2-0: Swinging Strike
2-1: Ball
3-1: Reached on error, E6 (Groundball, 6)
Sapto Mainaky to third
Batting: RHB Jim Unknown 0-0: Called Strike
0-1: Ball
1-1: Ball
Passed Ball!
Sapto Mainaky scores
Roy Childress to second
2-1: Called Strike
2-2: Foul Ball, location: 2F
2-2: Foul Ball, location: 2F
2-2: Foul Ball, location: 2F
2-2: Foul Ball, location: 2F
2-2: Fly out, F9 (Flyball, 9M)
Batting: RHB José Correa 0-0: Ball
1-0: Ball
2-0: Called Strike
2-1: Ground out 5-3 (Groundball, 15S)
Roy Childress to third
Batting: RHB Ernest Lee 0-0: Ball
1-0: Ball
2-0: Called Strike
2-1: Swinging Strike
2-2: Strikes out looking
Bottom of the 2nd over - 1 run(s), 1 hit(s), 1 error(s), 1 left on base; Seattle 0 - Nortonville 3
TOP OF THE 3RD
Seattle Terns batting - Pitching for Nortonville Cherokees : RHP Richard Meyer
Batting: RHB John Huff 0-0: Ball
1-0: Ground out 5-3 (Groundball, 5L)
Batting: SHB Michael Smith 0-0: Ball
1-0: Called Strike
1-1: Foul Ball, location: 2F
1-2: Ball
2-2: Fly out, F8 (Flyball, 8LD)
Batting: RHB Darren Tomlinson 0-0: Swinging Strike
0-1: Ball
1-1: Swinging Strike
1-2: SINGLE (Groundball, 6MD)
Batting: SHB Bruce Hunt 0-0: Foul Ball, location: 2F
0-1: Ball
1-1: Ground out 4-3 (Groundball, 4)
Top of the 3rd over - 0 run(s), 1 hit(s), 0 error(s), 1 left on base; Seattle 0 - Nortonville 3
BOTTOM OF THE 3RD
Nortonville Cherokees batting - Pitching for Seattle Terns : RHP Jim Unknown
Batting: RHB Greg Terry 0-0: Ground out 3-1 (Groundball, 34S)
Batting: RHB Jean Lemaire 0-0: Ball
1-0: Fly out, F9 (Flyball, 9LM)
Batting: RHB Joel Lee 0-0: Called Strike
0-1: Foul Ball, location: 2F
0-2: Hit by Pitch
Batting: LHB Jafar Taha 0-0: Ball
1-0: Called Strike
1-1: Called Strike
1-2: Foul Ball, location: 2F
1-2: Strikes out looking
Bottom of the 3rd over - 0 run(s), 0 hit(s), 0 error(s), 1 left on base; Seattle 0 - Nortonville 3
TOP OF THE 4TH
Seattle Terns batting - Pitching for Nortonville Cherokees : RHP Richard Meyer
Batting: RHB David Ramírez 0-0: Swinging Strike
0-1: Ball
1-1: Ball
2-1: Ball
3-1: Foul Ball, location: 2F
3-2: Foul Ball, location: 2F
3-2: SINGLE (Groundball, 34D)
Batting: RHB Tom Escamilla 0-0: Ball
1-0: SINGLE (Groundball, 34D)
David Ramírez to second
Runner from 2nd tries for 3rd, SAFE, throw made to third
Tom Escamilla to second
Batting: SHB Ned Teague 0-0: Ball
1-0: Fly out, F5 (Line Drive, 5)
1-0: Fly out, F5 (Line Drive, 5)
Batting: RHB Bobby Miller 0-0: Swinging Strike
0-1: Reached on Error, E9 (Flyball, 9LM)
David Ramírez scores
Tom Escamilla to third
Batting: RHB Jack Glenn 0-0: Ball
1-0: Ball
2-0: Called Strike
2-1: Fly out, F7 (Line Drive, 7S)
Batting: RHB John Huff 0-0: SINGLE (Groundball, 6)
Tom Escamilla scores
Bobby Miller to second
Batting: SHB Michael Smith 0-0: Swinging Strike
0-1: Swinging Strike
0-2: Ball
1-2: Ball
2-2: Strikes out looking
Top of the 4th over - 2 run(s), 3 hit(s), 1 error(s), 2 left on base; Seattle 2 - Nortonville 3
BOTTOM OF THE 4TH
Nortonville Cherokees batting - Pitching for Seattle Terns : RHP Jim Unknown
Batting: RHB Sapto Mainaky 0-0: Ball
1-0: Ground out 2-3 (Groundball, 25)
Batting: RHB Roy Childress 0-0: Swinging Strike
0-1: DOUBLE (Line Drive, 7LM)
Batting: RHB Jim Unknown 0-0: Called Strike
0-1: Ball
1-1: Foul Ball, location: 2F
1-2: Ball
2-2: Ball
3-2: Base on Balls
Batting: RHB José Correa 0-0: Called Strike
0-1: Foul Ball, location: 2F
0-2: Grounds into double play, 5-4-3 (Groundball, 5)
Bottom of the 4th over - 0 run(s), 1 hit(s), 0 error(s), 1 left on base; Seattle 2 - Nortonville 3
TOP OF THE 5TH
Seattle Terns batting - Pitching for Nortonville Cherokees : RHP Richard Meyer
Batting: RHB Darren Tomlinson 0-0: Ball
1-0: Ball
2-0: Ground out 5-3 (Groundball, 5S)
Batting: SHB Bruce Hunt 0-0: Ball
1-0: Foul Ball, location: 2F
1-1: Ball
2-1: Ball
3-1: Fly out, F7 (Flyball, 7M)
Batting: RHB David Ramírez 0-0: Foul Ball, location: 2F
0-1: Foul Ball, location: 2F
0-2: Ball
1-2: Strikes out looking
Top of the 5th over - 0 run(s), 0 hit(s), 0 error(s), 0 left on base; Seattle 2 - Nortonville 3
BOTTOM OF THE 5TH
Nortonville Cherokees batting - Pitching for Seattle Terns : RHP Jim Unknown
Batting: RHB Ernest Lee 0-0: Fly out, F9 (Flyball, 89M)
Batting: RHB Greg Terry 0-0: Foul Ball, location: 2F
0-1: Fly out, F3 (Popup, 34)
Batting: RHB Jean Lemaire 0-0: Swinging Strike
0-1: Ball
1-1: DOUBLE (Flyball, 8RXD)
Batting: RHB Joel Lee 0-0: Fly out, F3 (Popup, 13)
Bottom of the 5th over - 0 run(s), 1 hit(s), 0 error(s), 1 left on base; Seattle 2 - Nortonville 3
TOP OF THE 6TH
Seattle Terns batting - Pitching for Nortonville Cherokees : RHP Richard Meyer
Batting: RHB Tom Escamilla 0-0: Ball
1-0: Bunt for hit - play at first, batter OUT! 1-3
Batting: SHB Ned Teague 0-0: Ground out 1-3 (Groundball, 23)
Batting: RHB Bobby Miller 0-0: Called Strike
0-1: Ball
1-1: Foul Ball, location: 2F
1-2: Ground out 6-3 (Groundball, 6M)
Top of the 6th over - 0 run(s), 0 hit(s), 0 error(s), 0 left on base; Seattle 2 - Nortonville 3
BOTTOM OF THE 6TH
Nortonville Cherokees batting - Pitching for Seattle Terns : RHP Jim Unknown
Batting: LHB Jafar Taha 0-0: Foul Ball, location: 2F
0-1: Ball
1-1: Ball
2-1: SINGLE (Groundball, 4MD)
Batting: RHB Sapto Mainaky 0-0: Bunted foul
0-1: Bunt missed!
0-2: Grounds into double play, 6-4-3 (Groundball, 6)
Batting: RHB Roy Childress 0-0: Fly out, F7 (Line Drive, 7M)
Bottom of the 6th over - 0 run(s), 1 hit(s), 0 error(s), 0 left on base; Seattle 2 - Nortonville 3
TOP OF THE 7TH
Seattle Terns batting - Pitching for Nortonville Cherokees : RHP Richard Meyer
Batting: RHB Jack Glenn 0-0: Ball
1-0: Ground out 6-3 (Groundball, 6M)
Batting: RHB John Huff 0-0: Called Strike
0-1: Ball
1-1: Swinging Strike
1-2: Strikes out swinging
Batting: SHB Michael Smith 0-0: Ball
1-0: Swinging Strike
1-1: Fly out, F8 (Flyball, 8RM)
Top of the 7th over - 0 run(s), 0 hit(s), 0 error(s), 0 left on base; Seattle 2 - Nortonville 3
BOTTOM OF THE 7TH
Nortonville Cherokees batting - Pitching for Seattle Terns : RHP Jim Unknown
Batting: RHB Jim Unknown 0-0: Ball
1-0: Foul Ball, location: 2F
1-1: Ball
2-1: DOUBLE (Groundball, 5L)
Pinch Hitting: RHB Jim Unknown 0-0: Intentional Walk
Pinch Hitting: SHB Jason Lowe 0-0: Ball
Wild Pitch!
Jim Unknown to third
Jim Unknown to second
1-0: Called Strike
1-1: Called Strike
1-2: Foul Ball, location: 2F
1-2: Ball
2-2: Fly out, F7 (Flyball, 78M)
Runner from 3rd tags up, SCORES, no throw
Batting: RHB Greg Terry 0-0: Foul Ball, location: 2F
0-1: Ball
1-1: Ball
2-1: Foul Ball, location: 2F
2-2: Strikes out looking
Pitching: LHP Dean White
Batting: RHB Jean Lemaire 0-0: Ball
1-0: Ground out 5-3 (Groundball, 5)
Bottom of the 7th over - 1 run(s), 1 hit(s), 0 error(s), 1 left on base; Seattle 2 - Nortonville 4
TOP OF THE 8TH
Seattle Terns batting - Pitching for Nortonville Cherokees : RHP Richard Meyer
Now at 3B: Jim Unknown
Now in CF: Jason Lowe
Batting: RHB Darren Tomlinson 0-0: Ball
1-0: Ball
2-0: Swinging Strike
2-1: Foul Ball, location: 2F
2-2: Foul Ball, location: 2F
2-2: Strikes out looking
Pitching: LHP Melvin Henry
Batting: SHB Bruce Hunt 0-0: Ball
1-0: DOUBLE (Line Drive, 9LM)
Pitching: RHP Gunner Hanna
Batting: RHB David Ramírez 0-0: Called Strike
0-1: Ball
1-1: Foul Ball, location: 2F
1-2: Fly out, F6 (Line Drive, 6)
Batting: RHB Tom Escamilla 0-0: Called Strike
0-1: Called Strike
0-2: Ball
1-2: Ball
2-2: Ball
3-2: Base on Balls
Batting: SHB Ned Teague 0-0: Called Strike
0-1: Ball
1-1: Foul Ball, location: 2F
1-2: Foul Ball, location: 2F
1-2: SINGLE (Groundball, 4M)
Bruce Hunt to third
Tom Escamilla to second
Runner from 3rd tries for Home, SAFE, throw made home
Pinch Hitting: LHB Gilbert Davis
Pitching: LHP Rodrigo Salgado 0-0: Called Strike
0-1: Ball
1-1: Called Strike
1-2: Foul Ball, location: 2F
1-2: Ball
2-2: Foul Ball, location: 2F
2-2: Ball
3-2: Foul Ball, location: 2F
3-2: Fly out, F8 (Flyball, 78M)
Top of the 8th over - 1 run(s), 2 hit(s), 0 error(s), 2 left on base; Seattle 3 - Nortonville 4
BOTTOM OF THE 8TH
Nortonville Cherokees batting - Pitching for Seattle Terns : LHP Dean White
Now in CF: Fred Cobb
Batting: RHB Joel Lee 0-0: Ground out 6-3 (Groundball, 6)
Batting: LHB Jafar Taha 0-0: Ball
1-0: Called Strike
1-1: Foul Ball, location: 2F
1-2: Foul Ball, location: 2F
1-2: SINGLE (Groundball, 34D)
Pinch Hitting: RHB Vern Ewing 0-0: Foul Ball, location: 2F
0-1: Foul Ball, location: 2F
0-2: Foul Ball, location: 2F
0-2: Foul Ball, location: 2F
0-2: Ball
1-2: Foul Ball, location: 2F
1-2: Ball
2-2: Ball
3-2: SINGLE (Line Drive, 6MD)
Jafar Taha to second
Jafar Taha to third
Pinch Hitting: RHB Santiago Rigney 0-0: Ball
1-0: Ball
2-0: Fly out, F4 (Line Drive, 4)
Batting: RHB Jim Unknown 0-0: Called Strike
0-1: Fielders Choice at 2nd, U4 (Groundball, 4M)
Bottom of the 8th over - 0 run(s), 2 hit(s), 0 error(s), 2 left on base; Seattle 3 - Nortonville 4
TOP OF THE 9TH
Seattle Terns batting - Pitching for Nortonville Cherokees : LHP Rodrigo Salgado
Pitching: RHP Patrick Edwards
Now at 3B: John Huff
Now at SS: Armando González
Pinch Hitting: SHB Tom Craft 0-0: Called Strike
0-1: Ball
1-1: Fly out, F4 (Line Drive, 4)
Batting: RHB John Huff 0-0: Foul Ball, location: 2F
0-1: Ball
1-1: Swinging Strike
1-2: Ball
2-2: Strikes out swinging
Pinch Hitting: RHB Patrick Samuels 0-0: Swinging Strike
0-1: Ball
1-1: Foul Ball, location: 2F
1-2: Strikes out swinging
Top of the 9th over - 0 run(s), 0 hit(s), 0 error(s), 0 left on base; Seattle 3 - Nortonville 4
This league is powered by Out of the Park Baseball, the baseball management simulation game for PC, Mac and Linux
Saturday, February 27th, 2021 - OOTP Baseball 15.6 Build 34